 Dungeon Crawl Stone Soup version 0.28.0-43-g3370ac3207 (webtiles) character file.

Game seed: 13720689455058422006

850 Parham the Skirmisher (level 7, -10/61 HPs)
             Began as a Yellow Draconian Wanderer on Mar 7, 2022.
             Was an Initiate of Hepliaklqana.
             Engulfed by a cloud of flame (13 damage)
             ... on level 5 of the Dungeon.
             The game lasted 00:36:40 (4687 turns).

Parham the Skirmisher (Yellow Draconian Wanderer)   Turns: 4687, Time: 00:36:40

Health: -10/61     AC:  9    Str: 19    XL:     7   Next: 69%
Magic:  11/11      EV: 12    Int: 13    God:    Hepliaklqana [......]
Gold:   199        SH:  0    Dex: 13    Spells: 2/11 levels left

rFire   . . .      SeeInvis .   g - +0 trident (distort)
rCold   . . .      Faith    .   i - orb {mayhem}
rNeg    . . .      Spirit   .   (armour unavailable)
rPois   .          Reflect  .   (helmet restricted)
rElec   .          Harm     .   (no cloak)
rCorr   +          Rampage  +   (no gloves)
Will    .....                   e - +2 pair of boots {rampage}
Stlth   ++........              f - amulet of regeneration
HPRegen 1.00/turn               h - +6 ring of strength
MPRegen 0.12/turn               (no ring)

@: about to teleport
A: spit acid, AC +6, unfitting armour, cold-blooded, acid resistance
a: Breathe Acid, Renounce Religion


You were on level 5 of the Dungeon.
You worshipped Hepliaklqana.
Hepliaklqana was noncommittal.
You visited 2 branches of the dungeon, and saw 6 of its levels.

You collected 199 gold pieces.

Inventory:

Hand Weapons
 b - a +0 hunting sling
 d - a +3 spear
 g - a +0 trident of distortion (weapon)
 j - a +0 dagger
Missiles
 c - 3 poisoned darts (quivered)
Armour
 e - a +2 pair of boots of rampaging (worn)
 i - an orb of mayhem (worn)
Jewellery
 f - an amulet of regeneration (around neck)
 h - a +6 ring of strength (left hand)
Potions
 a - 2 potions of brilliance
 k - a potion of curing {unknown}


   Skills:
 * Level 5.6 Fighting
 * Level 2.7(3.1) Maces & Flails
 * Level 3.1(3.4) Polearms
 * Level 2.1(3.5) Staves
 + Level 1.2 Throwing
 * Level 2.6 Dodging
 * Level 2.2 Stealth
 + Level 2.2 Unarmed Combat
 * Level 2.8 Spellcasting
 * Level 3.5 Translocations


You had 2 spell levels left.
You knew the following spells:

 Your Spells              Type           Power      Damage    Failure   Level
a - Apportation           Tloc           22%        N/A       5%          1
b - Gell's Gravitas       Tloc           11%        N/A       16%         3
c - Blade Hands           Tmut           0%         N/A       100%        5

Your spell library contained the following spells:

 Spells                   Type           Power      Damage    Failure   Level
 Iron Shot                Conj/Erth      0%         9d1       100%        6
 Animate Armour           Summ/Erth      Unusable   N/A       N/A         4

Dungeon Overview and Level Annotations

Branches:
Dungeon (5/15)             Temple (1/1) D:5

Altars:
Ashenzari
Cheibriados
Dithmenos
Elyvilon
Fedhas
Gozag
Hepliaklqana
Kikubaaqudgha
Nemelex Xobeh
Ru
Sif Muna
Uskayaw
Wu Jian
Xom
Yredelemnul

Portals:
Abyss: D:4

Annotations:
D:4 2 transporters, crimpus's ghost, amateur OgBe


Innate Abilities, Weirdness & Mutations

You can spit globs of acid.
Your golden yellow scales are hard. (AC +6)
You cannot fit into any form of body armour.
You are cold-blooded and may be slowed by cold attacks.
You are resistant to acid. (rCorr)


Message History

Things that are here:
a +0 dagger; a +0 robe You open the door.
There is an open door here.
You open the door.
Found a staircase to the Ecumenical Temple.
There is an open door here.
There is a staircase to the Ecumenical Temple here.
You climb downwards.
Welcome to the Ecumenical Temple!
Found fifteen altars.
There is a staircase back to the Dungeon here.
There is a hazy altar of Hepliaklqana here.
You kneel at the altar of Hepliaklqana.
Hepliaklqana welcomes you!
There is a staircase back to the Dungeon here.
Okay, then.
There is a staircase back to the Dungeon here.
Press: ? - help, v - describe, . - travel The floor.
There is a cloud of freezing vapour here.
There is a hazy altar of Hepliaklqana here.
You offer a prayer to Hepliaklqana.
There is a staircase back to the Dungeon here.
You climb upwards.
Welcome back to the Dungeon!
There is a staircase to the Ecumenical Temple here.
There is an open door here.
As you open the door, it creaks loudly!
Found 16 gold pieces.
There is an open door here.
You now have 190 gold pieces (gained 7).
You now have 199 gold pieces (gained 9).
Found 19 arrows.
You see here 19 arrows.
You are engulfed in blazing flames.
As you read the scroll of teleportation, it crumbles to dust.
You feel strangely unstable.
You are engulfed in blazing flames.
You are engulfed in blazing flames.
* * * LOW HITPOINT WARNING * * *
You are engulfed in blazing flames.
You die...

#.## #### # #. #...
#. #... +. #..# #..
#. #..# # #.. #.
#..# §## #....###
#.§#########.+#.###
#.@§§§#8#...°°#.#..
##§#########°°#....
#.# .## #..#.#.#
#.# # #..#.#..
#.####.####..#...#
#.................
###.######.#####.#
#.(......# #....
########.# #....


There were no monsters in sight!

Vanquished Creatures
  A water moccasin zombie (D:5)
  A bullfrog zombie (D:5)
  A hound (D:5)
  2 orc priests
  Jessica (D:2)
  4 iguanas
  2 orc wizards (D:5)
  A hound skeleton (D:4)
  4 gnolls (D:4)
  5 adders
  4 dart slugs
  2 worms (D:2)
  17 orcs
  4 endoplasms
  3 giant cockroaches
  8 goblins
  4 hobgoblins
  13 jackals
  9 kobolds
  4 quokkas
  6 ball pythons
  6 bats
  2 frilled lizards
  22 rats
126 creatures vanquished.

Vanquished Creatures (collateral kills)
  An iguana (D:5)
  3 gnolls (D:4)
  An orc (D:5)
5 creatures vanquished.

Vanquished Creatures (others)
  An adder (D:5)
  A gnoll (D:4)
2 creatures vanquished.

Grand Total: 133 creatures vanquished

Notes
Turn   | Place    | Note
-------+----------+-------------------------------------------
     0 | D:1      | Parham the Draconian Wanderer began the quest for the Orb.
     0 | D:1      | Parham set off with the following items: a +0 club, a
                  | potion of invisibility, a scroll of silence, a potion of
                  | might; and the following spell memorised: Apportation; and
                  | the following spells available to memorise: Gell's Gravitas
     0 | D:1      | Reached XP level 1. HP: 22/22 MP: 2/2
   124 | D:1      | Reached XP level 2. HP: 7/28 MP: 3/3
   698 | D:1      | Reached skill level 1 in Maces & Flails
   747 | D:1      | Reached skill level 5 in Fighting
   772 | D:1      | Reached XP level 3. HP: 20/36 MP: 2/4
   776 | D:1      | Learned a level 3 spell: Gell's Gravitas
  1157 | D:2      | Noticed Jessica
  1170 | D:2      | Killed Jessica
  1466 | D:2      | Reached XP level 4. HP: 38/42 MP: 6/6
  1700 | D:2      | Identified the +5 chain mail of Summer {*Slow Str+3 Int-2
                  | Dex+5}
  1998 | D:2      | Reached skill level 1 in Polearms
  2873 | D:3      | Reached XP level 5. HP: 48/48 MP: 7/7
  2983 | D:4      | Found a transporter.
  3035 | D:4      | Found a transporter.
  3035 | D:4      | Found a one-way gate to the infinite horrors of the Abyss.
  3035 | D:4      | Noticed crimpus's ghost (amateur OgBe)
  3035 | D:4      | Noticed a small abomination
  3078 | D:4      | Reached skill level 1 in Staves
  3109 | D:4      | Noticed an ancient zyme
  3340 | D:4      | Reached skill level 1 in Stealth
  3422 | D:4      | You fall into a shaft and drop 1 floor!
  3422 | D:5      | Entered Level 5 of the Dungeon
  3423 | D:5      | Noticed an ice beast
  3431 | D:5      | Banished an ice beast
  3432 | D:5      | Reached XP level 6. HP: 56/56 MP: 8/8
  3944 | D:4      | Learned a level 5 spell: Blade Hands
  3992 | D:4      | Reached skill level 1 in Throwing
  3992 | D:4      | Your scales start taking on a golden yellow colour.
  3992 | D:4      | Reached XP level 7. HP: 61/61 MP: 10/10
  3992 | D:4      | Gained mutation: You are resistant to acid. (rCorr) [Yellow
                  | Draconian growth]
  4579 | D:5      | Found a staircase to the Ecumenical Temple.
  4583 | Temple   | Entered the Ecumenical Temple
  4596 | Temple   | Became a worshipper of Hepliaklqana the Forgotten
  4686 | D:5      | HP: 2/61 [something (19)]
  4687 | D:5      | Engulfed by a cloud of flame

Illustrated notes

Levels and vault maps discovered:
D:1:      dpeg_arrival_boxes_within_box, layout_basic, kennysheep_crisscross
D:2:      layout_loops_cross, minmay_misc_feat_hallway,
          chequers_serial_rivers_large_b, minmay_misc_feat_doors,
          grunt_ministairs_9, minmay_rat_hole, uniq_jessica
D:3:      layout_loops_ring, patterned_corridor
D:4:      layout_loops_corners, gammafunk_ghost_abyssal_escape
D:5:      layout_basic, minmay_temple_entry_glassed_door, lemuel_flamethrower_2
Temple:   minmay_freezing_vapour_temple

Skill      XL: |  1  2  3  4  5  6  7 |
---------------+----------------------+-----
Maces & Flails | 1 2 |  2.7
Fighting       | 5 |  5.6
Polearms       | 1 2 3 |  3.1
Staves         | 1 2 |  2.1
Stealth        | 1 2 |  2.2
Dodging        | 2 |  2.6
Spellcasting   | 2 |  2.8
Translocations | 3 |  3.5
Throwing       | 1 |  1.2
Unarmed Combat | |  2.2

Action                   |  1- 3 |  4- 6 |  7- 9 || total
-------------------------+-------+-------+-------++-------
Melee: Club              |    86 |       |       ||    86
       Tailslap          |     9 |    26 |     6 ||    41
       Punch             |     4 |     1 |       ||     5
       Spear             |    34 |   117 |       ||   151
       Trident           |       |    54 |    49 ||   103
Throw: Dart              |       |    39 |    13 ||    52
 Cast: Apportation       |    10 |    33 |     5 ||    48
       Gell's Gravitas   |     1 |     4 |       ||     5
 Abil: Breathe Acid      |       |       |     6 ||     6
  Use: Potion            |     2 |     2 |       ||     4
       Scroll            |     1 |     5 |     1 ||     7
 Stab: Sleeping          |     2 |     4 |       ||     6
Armor: Skin              |    82 |    95 |    24 ||   201
Dodge: Dodged            |   100 |   133 |    38 ||   271
